cohdb
Replays
Latest Replays
All Replays
Popular Replays
Top Player Replays
Match Explorer
How It Works
Community
CoH3 Stats
Reddit
Sign in to upload your games and track your stats! →
Sign in with Steam
Match 41481614
Unlisted
Match 41481614
Overview
Messages
Build Orders
End
Construct Infanterie Kompanie
MG 42 Machine Gun Team
Selects Breakthrough Battlegroup
Selects Assault Grenadiers
Grenadier Squad
GrW 34 Mortar Team
Grenadier Squad
Construct Panzergrenadier Kompanie
Support Elements
Nebelwerfer 42 Rocket Launcher Team
Selects Smoke Bombing Run
Pak 40 Anti-tank Gun Team
251 Medium Carrier
Smoke Bombing Run
Kettenkrad Recon Vehicle
Selects Incendiary Bombing Run
Incendiary Bombing Run
StuG III G Assault Gun
Pak 40 Anti-tank Gun Team
Smoke Bombing Run
Construct Panzer Kompanie
Smoke Bombing Run
fmes12
AHNSHI
.Рок-н-рольщик.
Particycles
zintoko
Geffery
0
0
Comments
sign in to comment!
No comments posted yet!